 Dungeon Crawl Stone Soup version 0.28-a0-479-g5baa6b73be (webtiles) character file.

Game seed: 8728825506199857910

11 knvknkls the Digger (level 2, -1/15 HPs)
             Began as a Gargoyle Earth Elementalist on Sept 19, 2021.
             Slain by a centaur (2 damage)
             ... on level 3 of the Dungeon.
             The game lasted 00:03:19 (890 turns).

knvknkls the Digger (Gargoyle Earth Elementalist)    Turns: 890, Time: 00:03:25

Health: -1/15      AC:  4    Str: 10 (11) XL:     2   Next: 29%
Magic:  1/5        EV: 11    Int: 13 (15) God:
Gold:   22         SH:  0    Dex:  7 (10) Spells: 4/5 levels left

rFire   . . .      SeeInvis .   d - +0 dagger
rCold   . . .      Faith    .   (no shield)
rNeg    + . .      Spirit   .   b - +0 robe
rPois   ∞          Reflect  .   (no helmet)
rElec   +          Harm     .   (no cloak)
rCorr   .          Rampage  .   (no gloves)
Will    .....                   (no boots)
Stlth   ++........              (no amulet)
HPRegen 0.05/turn               (no ring)
MPRegen 0.09/turn               (no ring)

@: no status effects
A: sickness immunity, AC +2, negative energy resistance 1, electricity
resistance, torment resistance 1, petrification resistance
a: no special abilities


You were on level 3 of the Dungeon.
You visited 1 branch of the dungeon, and saw 3 of its levels.

You collected 22 gold pieces.

Inventory:

Hand Weapons
 d - a +0 dagger (weapon)
Missiles
 c - 33 stones
Armour
 b - a +0 robe (worn)
Scrolls
 g - a scroll of enchant armour {unknown}


   Skills:
 - Level 1.5 Dodging
 - Level 2.1 Stealth
 + Level 2.4 Spellcasting
 - Level 0.7 Transmutations
 + Level 4.1 Earth Magic


You had 4 spell levels left.
You knew the following spells:

 Your Spells              Type           Power      Damage    Failure   Level
a - Sandblast             Erth           24%        2d8       4%          1

Your spell library contained the following spells:

 Spells                   Type           Power      Damage    Failure   Level
 Passwall                 Tmut/Erth      5%         N/A       14%         2
 Sting                    Tmut/Pois      8%         1d3       22%         1
 Stone Arrow              Conj/Erth      12%        3d7       32%         3
 Blink                    Tloc           N/A        N/A       36%         2
 Poisonous Vapours        Pois/Air       2%         N/A       36%         2
 Lesser Beckoning         Tloc           1%         N/A       58%         3
 Petrify                  Tmut/Erth      7%         N/A       65%         4
 Olgreb's Toxic Radiance  Pois           1%         N/A       94%         4
 Manifold Assault         Tloc           1%         N/A       100%        5


Dungeon Overview and Level Annotations

Branches:
Dungeon (3/15)

Altars:

Annotations:
D:2 Terence


Innate Abilities, Weirdness & Mutations

You are immune to sickness and miasma.
Your stone body is resilient. (AC +2)
You are immune to poison.
You resist negative energy. (rN+)
You are resistant to electric shocks. (rElec)
You are resistant to unholy torment.
You are immune to petrification.


Message History

Unknown command.
Casting: Sandblast (safe; 4% risk of failure)
Confirm with . or Enter, or press ? or * to list all spells.
Aiming: Sandblast (safe; 4% risk of failure)
Press: ? - help, Shift-Dir - straight line, f/p - centaur
Aim: a centaur, quivering arrows (heavily wounded, 87% to hit)
The blast of sand misses the centaur.
The blast of sand hits the frilled lizard!
You kill the frilled lizard!
The centaur closely misses you. The centaur barely misses you.
Casting: Sandblast (safe; 4% risk of failure)
Confirm with . or Enter, or press ? or * to list all spells.
Aiming: Sandblast (safe; 4% risk of failure)
Press: ? - help, Shift-Dir - straight line, f/p - centaur
Aim: a centaur, quivering arrows (heavily wounded, 87% to hit)
The blast of sand hits the centaur.
The centaur is heavily wounded.
The centaur closely misses you. The centaur kicks you.
The kobold throws a stone.
The stone barely misses you. The centaur hits you.
* * * LOW HITPOINT WARNING * * *
The centaur kicks you but does no damage.
Casting: Sandblast (safe; 4% risk of failure)
Confirm with . or Enter, or press ? or * to list all spells.
Aiming: Sandblast (safe; 4% risk of failure)
Press: ? - help, Shift-Dir - straight line, f/p - centaur
Aim: a centaur, quivering arrows (heavily wounded, 87% to hit)
The blast of sand hits the centaur.
The centaur is severely wounded.
The centaur completely misses you. The centaur kicks you.
* * * LOW HITPOINT WARNING * * *
The giant cockroach bites you.
* * * LOW HITPOINT WARNING * * *
You aren't carrying any potions.
As you read the scroll labelled FELUAN QUAZXOILU, it crumbles to dust.
The creatures around you are filled with an inner flame!
It was a scroll of immolation.
The centaur barely misses you. The centaur completely misses you.
The giant cockroach barely misses you.
The centaur hits you but does no damage.
The centaur kicks you.
You die...

### # ...# .#
#####.####..#
#.<...r.....#
#.....c@....#
#.()..BJ...##
#..........#
#..$....K..#
#.........<#
#..........#
#..........#
#...........


You could see a centaur (inner flame), an endoplasm (inner flame), a giant
cockroach (inner flame), a kobold (inner flame) and a rat (inner flame).

Vanquished Creatures
  An endoplasm (D:1)
  2 hobgoblins (D:1)
  2 kobolds (D:1)
  A quokka (D:1)
  A bat (D:2)
  2 frilled lizards
  2 rats (D:2)
11 creatures vanquished.

Notes
Turn   | Place    | Note
-------+----------+-------------------------------------------
     0 | D:1      | knvknkls the Gargoyle Earth Elementalist began the quest
                  | for the Orb.
     0 | D:1      | Reached XP level 1. HP: 10/10 MP: 3/3
   258 | D:1      | Found a faded altar of an unknown god.
   450 | D:1      | Reached skill level 4 in Earth Magic
   450 | D:1      | Reached XP level 2. HP: 6/15 MP: 1/5
   781 | D:2      | Noticed Terence
   883 | D:3      | Noticed a centaur
   890 | D:3      | Slain by a centaur

Illustrated notes

Levels and vault maps discovered:
D:1:      lightli_arrival_boilingwater, layout_rooms,
          shapermc_ecumenical_altar_totnotflames
D:2:      layout_rooms, grunt_ministairs_9, uniq_terence
D:3:      layout_loops_ring, nemelex_xobeh_ov_fountains_minmay,
          portal_sewer_entry_b, minmay_misc_feat_chi

Skill      XL: |  1 |
---------------+----+-----
Earth Magic    | 4 |  4.1
Dodging        | |  1.5
Stealth        | |  2.1
Spellcasting   | |  2.4
Transmutations | |  0.7

Action                   || total
-------------------------++-------
Melee: Dagger            ||    25
       Unarmed           ||     1
 Cast: Sandblast         ||    14
  Use: Potion            ||     1
       Scroll            ||     2
Armor: Robe              ||    20
Dodge: Dodged            ||    30

Table legend: (Time is in decaauts)
 A = Elapsed time spent in this place.
 B = Non-inter-level travel time spent in this place.
 C = Inter-level travel time spent in this place.
 D = Time resting spent in this place.
 E = Time spent auto-exploring this place.
 F = Levels seen in this place.
 G = Mean time per level.
                   A        B        C        D        E       F      G
               +--------+--------+--------+--------+--------+-----+--------+
         Total |    891 |    850 |     41 |    164 |    533 |   3 |  297.0 |
       Dungeon |    891 |    850 |     41 |    164 |    533 |   3 |  297.0 |
               +--------+--------+--------+--------+--------+-----+--------+

Top non-repeatable levels by time:
     D:1: 794 daAuts
     D:2: 90 daAuts
     D:3: 6 daAuts
